 Dungeon Crawl Stone Soup version 0.31-a0-771-g505c3d19dc (webtiles) character file.

Game seed: 1374334052794175840

1155 cforsyth the Trooper (level 8, -4/64 HPs)
             Began as a Djinni Delver on Sept 16, 2023.
             Slain by a yak (14 damage)
             ... on level 5 of the Dungeon.
             The game lasted 00:10:09 (5142 turns).

cforsyth the Trooper (Djinni Delver)                Turns: 5142, Time: 00:10:10

Health: -4/64      AC:  5    Str: 11    XL:     8   Next: 66%
Gold:   265        EV: 12    Int: 13    God:
                   SH:  0    Dex: 16

rFire   + + .        w - +2 dagger (elec)
rCold   x . .        (no shield)
rNeg    . . .        b - +0 leather armour
rPois   ∞            (no helmet)
rElec   .            (no cloak)
rCorr   .            i - +1 pair of gloves
SInv    .            (boots unavailable)
Will    .....        (no amulet)
Stlth   ++           (no ring)
HPRegen 0.30/turn    (no ring)
MPRegen 0.00/turn

%: infuse magic (-5 HP)
@: flying
A: sickness immunity, fire resistance 2, cold vulnerability 1, float, innate
caster, HP casting, extra vitality 1
a: no special abilities


You were on level 5 of the Dungeon.
You visited 2 branches of the dungeon, and saw 6 of its levels.
You also visited: Sewer.

You collected 265 gold pieces.

Inventory:

Hand Weapons
 a - a +0 falchion
 w - a +2 dagger of electrocution (weapon)
Armour
 b - a +0 leather armour (worn)
 i - a +1 pair of gloves (worn)
Jewellery
 s - a ring of resist corrosion
Wands
 g - a wand of digging (5)
Scrolls
 c - 2 scrolls of fog
 d - a scroll of revelation
 e - a scroll of fear
 h - a scroll of torment {unknown}
 o - a scroll of amnesia {unknown}
 t - 2 scrolls of teleportation {unknown}
 u - a scroll of enchant weapon {unknown}
 v - a scroll of poison {unknown}
 x - a scroll of enchant armour {unknown}
 y - a scroll of vulnerability {unknown}
 B - a scroll of blinking {unknown}
Potions
 f - 2 potions of haste
 j - a potion of berserk rage {unknown}
 k - a potion of degeneration {unknown}
 l - a potion of cancellation {unknown}
 m - a potion of lignification {unknown}
 p - 2 potions of curing
 q - a potion of might {unknown}
 r - a potion of enlightenment
 z - a potion of brilliance
 A - a potion of mutation


   Skills:
 + Level 7.5 Fighting
 - Level 1.7 Long Blades
 - Level 2.1 Dodging
 - Level 4.1 Stealth
 + Level 4.9 Spellcasting
 + Level 4.9 Conjurations
 + Level 4.9 Hexes
   Level 0.0 Charms
 + Level 4.9 Summonings
 + Level 4.9 Necromancy
 + Level 4.9 Translocations
 + Level 4.9 Transmutations
 + Level 4.9 Fire Magic
 + Level 4.9 Ice Magic
 + Level 4.9 Air Magic
 + Level 4.9 Earth Magic
 + Level 4.9 Poison Magic


You knew the following spells:

 Your Spells              Type           Power      Damage    Failure   Level
a - Freeze                Ice            64%        1d7       3%          1
b - Scorch                Fire           32%        2d6       4%          2
c - Dazzling Flash        Conj/Hex       32%        N/A       10%         3
Your spell library was empty.

Dungeon Overview and Level Annotations

Branches:
Dungeon (6/15)             Temple (1/1) D:5           Sewer (visited)

Altars:
Cheibriados
Dithmenos
Elyvilon
Makhleb
Nemelex Xobeh
Okawaru
Qazlal
Ru
Uskayaw
Wu Jian
Yredelemnul


Innate Abilities, Weirdness & Mutations

You are immune to sickness and miasma.
You are immune to poison.
Your flesh is very heat resistant. (rF++)
You are vulnerable to cold. (rC-)
You float through the air rather than walking.
You learn spells naturally, not from books.
Your magical power is your life essence.
You have superior vitality. (+4 MHP)


Message History

The yak bellows!
You hear a bellow!
The yak gores you! The yak barely misses you. The scorpion barely misses you.
The yak gores you! x2; The yak gores you.
There is a stone staircase leading up here.
As you read the scroll of fear, it crumbles to dust.
You assume a fearsome visage.
The scorpion looks frightened!
The hound looks frightened!
The yak looks frightened! x3
You fly upwards.
There is a stone staircase leading down here.
Flames lash the yak but do no damage.
The yak misses you.
You are too injured to fight recklessly!
You are too injured to fight recklessly!
Casting: Scorch (safe; 4% risk of failure)
Confirm with . or Enter, or press ? or * to list all spells.
Casting: Dazzling Flash (dangerous; 10% risk of failure)
Press: ? - help, Dir - look around, f - activate The yak gores you!
* * * LOW HITPOINT WARNING * * *
Casting: Dazzling Flash (dangerous; 10% risk of failure)
Confirm with . or Enter, or press ? or * to list all spells.
Casting: Dazzling Flash (dangerous; 10% risk of failure)
Press: ? - help, Dir - look around, f - activate The yak is dazzled.
* * * LOW HITPOINT WARNING * * *
The yak closely misses you.
The yak is no longer blind.
Casting: Dazzling Flash (dangerous; 10% risk of failure)
Confirm with . or Enter, or press ? or * to list all spells.
Casting: Dazzling Flash (dangerous; 10% risk of failure)
Press: ? - help, Dir - look around, f - activate
* * * LOW HITPOINT WARNING * * *
The yak closely misses you.
Casting: Dazzling Flash (dangerous; 10% risk of failure)
Confirm with . or Enter, or press ? or * to list all spells.
Casting: Dazzling Flash (dangerous; 10% risk of failure)
Press: ? - help, Dir - look around, f - activate The yak is dazzled.
* * * LOW HITPOINT WARNING * * *
The yak gores you!
You die...

........).........'...#....#.....
..................#...#....#.....
..................#...#....#.....
..................#...#....#.....
..................########.#.....
.........................#.###...
.........................+...#...
...####'###.>............#...#...
...'......#....Y@........#...#...
...#......#..............#'###..<
...#......##########.............
...#......#........#.............
...####'####.......#.............
...........#.......#.............
...........#.......#.............
...........###+##'##.............
................#..##########....


You could see a yak (blind).

Vanquished Creatures
  A yak (D:5)
  2 water moccasins
  A black bear (D:5)
  An ogre (D:5)
  A phantom (D:5)
  A scorpion (D:5)
  A howler monkey (D:3)
  A hound (D:5)
  2 orc priests
  2 iguanas (D:5)
  A sleepcap (D:5)
  4 orc wizards
  3 river rats (Sewer)
  7 adders
  An ufetubus (D:5)
  2 worms
  A dart slug (D:4)
  18 orcs
  2 endoplasms
  2 giant cockroaches
  4 goblins
  4 hobgoblins (D:4)
  3 jackals (D:4)
  2 quokkas (D:4)
  10 ball pythons
  3 frilled lizards
  8 rats
88 creatures vanquished.

Notes
Turn   | Place    | Note
-------+----------+-------------------------------------------
     0 | D:5      | cforsyth the Djinni Delver began the quest for the Orb.
     0 | D:5      | Reached XP level 1. HP: 20/20 MP: 0/0
    10 | D:5      | Noticed an ogre
   145 | D:4      | Reached XP level 2. HP: 12/25 MP: 0/0
   215 | D:4      | Found a glowing drain.
   231 | D:4      | Reached skill level 1 in Spellcasting
   231 | D:4      | Reached skill level 1 in Conjurations
   231 | D:4      | Reached skill level 1 in Hexes
   231 | D:4      | Reached skill level 1 in Summonings
   231 | D:4      | Reached skill level 1 in Necromancy
   231 | D:4      | Reached skill level 1 in Translocations
   231 | D:4      | Reached skill level 1 in Transmutations
   231 | D:4      | Reached skill level 1 in Fire Magic
   231 | D:4      | Reached skill level 1 in Ice Magic
   231 | D:4      | Reached skill level 1 in Air Magic
   231 | D:4      | Reached skill level 1 in Earth Magic
   231 | D:4      | Reached skill level 1 in Poison Magic
   336 | Sewer    | Entered a sewer
   344 | Sewer    | Reached XP level 3. HP: 29/30 MP: 0/0
   344 | Sewer    | Learned a level 1 spell: Freeze
   735 | Sewer    | Reached XP level 4. HP: 34/37 MP: 0/0
   773 | Sewer    | Reached skill level 4 in Fighting
  1540 | D:2      | Reached XP level 5. HP: 15/42 MP: 0/0
  1540 | D:2      | Learned a level 2 spell: Scorch
  2172 | D:4      | Reached XP level 6. HP: 39/49 MP: 0/0
  2458 | D:3      | Reached skill level 5 in Fighting
  2833 | D:4      | Identified the +6 short sword "Zimy" {flame, rElec rN++
                  | Will- rCorr}
  2900 | D:4      | Noticed a water moccasin
  2911 | D:4      | Killed a water moccasin
  2912 | D:4      | Reached XP level 7. HP: 33/54 MP: 0/0
  2912 | D:4      | Learned a level 3 spell: Dazzling Flash
  3375 | D:5      | Reached skill level 6 in Fighting
  3747 | D:5      | Found a staircase to the Ecumenical Temple.
  3766 | Temple   | Entered the Ecumenical Temple
  3999 | D:5      | Reached XP level 8. HP: 16/62 MP: 0/0
  4460 | D:5      | Reached skill level 7 in Fighting
  4552 | D:6      | Noticed a yak
  4552 | D:6      | Noticed a yak
  4606 | D:6      | Noticed a yak
  4606 | D:6      | Noticed a yak
  4606 | D:6      | Noticed a yak
  4606 | D:6      | Noticed a yak
  4740 | D:5      | Killed a yak
  5142 | D:5      | Slain by a yak

Illustrated notes

Levels and vault maps discovered:
D:2:      kennysheep_six_static_rooms, layout_loops_ring, minmay_lizard_pond
D:3:      layout_rooms, serial_bayou_pond_a, minmay_misc_feat_tower
D:4:      layout_rooms, nicolae_overflow_two_pavilions, portal_sewer_entry_e
D:5:      layout_gridville, general_overflow_altar, minmay_temple_entry_wispy,
          minmay_misc_feat_alley
D:6:      minmay_bubble_buster, layout_rooms, led_xom_imps,
          nicolae_hepliaklqana_monster_ancestors, ebering_ghost_sewer_d,
          serial_shops, nicolae_shop_tiny_statue_garden, minmay_misc_feat_x,
          uniq_menkaure, uniq_pikel
Temple:   hellmonk_temple_of_storms

Skill      XL: |  1  2  3  4  5  6  7  8 |
---------------+-------------------------+-----
Spellcasting   | 1 2 3 4 |  4.9
Conjurations   | 1 2 3 4 |  4.9
Hexes          | 1 2 3 4 |  4.9
Summonings     | 1 2 3 4 |  4.9
Necromancy     | 1 2 3 4 |  4.9
Translocations | 1 2 3 4 |  4.9
Transmutations | 1 2 3 4 |  4.9
Fire Magic     | 1 2 3 4 |  4.9
Ice Magic      | 1 2 3 4 |  4.9
Air Magic      | 1 2 3 4 |  4.9
Earth Magic    | 1 2 3 4 |  4.9
Poison Magic   | 1 2 3 4 |  4.9
Fighting       | 4 5 6 7 |  7.5
Long Blades    | |  1.7
Dodging        | |  2.1
Stealth        | |  4.1

Action                     |  1- 3 |  4- 6 |  7- 9 || total
---------------------------+-------+-------+-------++-------
  Melee: Falchion          |    88 |    88 |       ||   176
         Punch             |       |     2 |       ||     2
         Dagger            |       |     5 |    19 ||    24
   Cast: Freeze            |       |     4 |       ||     4
         Scorch            |       |    52 |    63 ||   115
         Dazzling Flash    |       |       |     4 ||     4
    Use: Scroll            |       |       |     5 ||     5
   Stab: Sleeping          |       |     2 |     1 ||     3
 Armour: Leather armour    |    46 |    85 |    56 ||   187
  Dodge: Dodged            |    63 |    82 |    29 ||   174

Table legend: (Time is in decaauts)
 A = Elapsed time spent in this place.
 B = Non-inter-level travel time spent in this place.
 C = Inter-level travel time spent in this place.
 D = Time resting spent in this place.
 E = Time spent auto-exploring this place.
 F = Levels seen in this place.
 G = Mean time per level.
                   A        B        C        D        E       F      G
               +--------+--------+--------+--------+--------+-----+--------+
         Total |   5183 |   5036 |    147 |   1310 |   2474 |   7 |  740.4 |
       Dungeon |   4528 |   4381 |    147 |   1190 |   2213 |   5 |  905.6 |
        Temple |      5 |      5 |      0 |      0 |      0 |   1 |    5.0 |
         Sewer |    649 |    649 |      0 |    120 |    261 |   1 |  649.0 |
               +--------+--------+--------+--------+--------+-----+--------+

Top non-repeatable levels by time:
     D:5: 1957 daAuts
     D:3: 1085 daAuts
     D:4: 1085 daAuts
   Sewer: 649 daAuts
     D:2: 386 daAuts
     D:6: 14 daAuts
  Temple: 5 daAuts
